Map: Undercurrent LE

Players

DontGetMad

  • Race: Zerg Zerg
  • League: Master
  • Spawn Location: 7:00

MilesTeg

  • Race: Zerg Zerg
  • League: Platinum
  • Spawn Location: 7:00

YeshuaIsKing

  • Race: Zerg Zerg
  • League: Platinum
  • Spawn Location: 3:00

Arun

  • Race: Zerg Zerg
  • League: Diamond
  • Spawn Location: 1:00

VOD

Have the link to the VOD?

Description

Time

  • Played on: June 2, 2026, 5:03 p.m.
  • Length: 6:31
Show
View Real Time Build Order
Export as new Build Order

DontGetMad Zerg 

Build Orders: Pool First 

Get SALT Encoding   

  12  0:08  Drone  
  13  0:16  Overlord  
  13  0:25  Extractor  
  13  0:26  Drone x2  
  14  0:40  Drone  
  14  0:41  Drone  
  16  0:52  Spawning Pool  
  16  0:55  Drone  
  17  1:04  Drone  
  17  1:11  Extractor  
  17  1:13  Drone  
  17  1:36  Drone, Hatchery  
  17  1:38  Drone  
  18  1:53  Roach Warren  
  17  1:59  Drone  
  18  2:04  Drone  
  19  2:13  Overlord  
  19  2:25  Baneling Nest  
  19  2:28  Drone x2  
  20  2:35  Queen  
  22  2:43  Roach  
  26  2:52  Roach  
  30  3:12  Roach x3  
  32  3:25  Overlord  
  32  3:40  Overlord  
  32  3:45  Roach  
  34  3:48  Hatchery  
  34  3:52  Roach x2  
  37  4:02  Roach x2  
  41  4:14  Roach  
  43  4:32  Roach, Overlord  
  43  4:33  Overlord  
  45  4:41  Overlord x2  
  47  4:52  Roach  
  47  5:03  Roach  
  49  5:17  Drone  
  40  5:48  Roach x3  
  46  6:07  Drone  
  47  6:13  Drone  
Show
View Real Time Build Order
Export as new Build Order

MilesTeg Zerg 

Build Orders: Hatch First 

Get SALT Encoding   

  12  0:00  Drone  
  13  0:09  Drone  
  14  0:17  Overlord  
  14  0:26  Overlord  
  14  0:36  Drone x2  
  16  0:58  Drone  
  16  1:00  Drone  
  18  1:07  Hatchery  
  18  1:09  Extractor  
  18  1:10  Drone  
  17  1:23  Spawning Pool  
  17  1:24  Drone  
  18  1:32  Drone  
  18  1:39  Drone  
  19  2:09  Queen  
  19  2:11  Zergling x6  
  19  2:13  Metabolic Boost  
  24  2:18  Queen  
  26  2:30  Spine Crawler  
  26  2:32  Drone  
  26  2:34  Zergling x2  
  26  2:35  Spine Crawler  
  25  2:55  Zergling x6  
  25  2:56  Zergling x4  
  30  3:03  Spine Crawler  
  23  3:28  Zergling x8  
  23  3:29  Zergling x2  
  28  3:34  Zergling x6  
  28  3:35  Zergling x2  
  30  3:41  Zergling x2  
  30  3:45  Zergling x2  
  32  3:51  Zergling x2  
  33  4:05  Zergling x4  
  32  4:24  Zergling x8  
  28  4:29  Zergling x2  
  28  4:31  Queen  
  29  4:43  Zergling x2  
  28  5:05  Zergling x4  
  27  5:14  Zergling x2  
  28  5:27  Zergling x2  
  28  5:33  Overlord  
  28  5:37  Queen, Spine Crawler  
  29  5:55  Drone x2  
  31  5:57  Hatchery  
Show
View Real Time Build Order
Export as new Build Order

YeshuaIsKing Zerg 

Build Orders: Pool First, Zergling Baneling 

Get SALT Encoding   

  12  0:01  Drone  
  13  0:12  Overlord  
  13  0:17  Drone  
  14  0:25  Extractor, Drone  
  14  0:30  Drone  
  14  0:35  Drone  
  16  0:48  Spawning Pool  
  15  0:51  Drone  
  15  0:56  Drone  
  17  1:07  Drone  
  18  1:18  Drone  
  19  1:35  Queen  
  19  1:39  Metabolic Boost  
  21  1:42  Zergling x2  
  22  1:49  Hatchery  
  22  1:53  Zergling x2  
  22  1:59  Extractor, Overlord  
  21  2:03  Drone  
  23  2:14  Overlord  
  23  2:21  Baneling Nest  
  23  2:22  Zergling x2  
  23  2:35  Zergling x2  
  24  2:43  Zergling x6  
  27  2:47  Zergling x2  
  28  2:56  Zergling x2  
  29  2:59  Queen  
  29  3:04  Zergling x2  
  29  3:05  Baneling x2  
  32  3:06  Zergling x2  
  32  3:12  Drone  
  34  3:25  Zergling x2  
  32  3:29  Zergling x6  
  30  3:35  Zergling x4  
  32  3:43  Zergling x2  
  32  3:46  Zergling x2  
  33  3:49  Queen  
  33  3:55  Drone x2  
  37  3:57  Baneling x2  
  37  4:09  Zergling x4  
  38  4:23  Zergling x2  
  38  4:28  Zergling x8  
  38  4:29  Drone  
  38  4:30  Baneling x4  
  41  4:43  Baneling  
  41  4:44  Baneling  
  41  4:46  Zergling x2  
  41  4:48  Burrow  
  41  4:49  Zergling x4  
  41  5:03  Drone  
  41  5:05  Zergling x4  
  34  5:18  Zergling x2  
  28  5:22  Zergling x2  
  28  5:25  Drone, Zergling x4  
  20  5:29  Drone  
  20  5:33  Overlord  
  20  5:34  Spine Crawler  
  11  5:47  Zergling x2  
  7  5:55  Drone  
  7  5:57  Drone  
  4  6:10  Drone  
Show
View Real Time Build Order
Export as new Build Order

Arun Zerg 

Build Orders: Pool First 

Get SALT Encoding   

  12  0:00  Drone  
  13  0:12  Overlord  
  13  0:26  Drone  
  14  0:41  Extractor  
  13  0:46  Spawning Pool  
  12  1:01  Hatchery  
  11  1:04  Drone  
  12  1:19  Drone  
  13  1:33  Zergling x6  
  16  1:42  Metabolic Boost  
  16  1:46  Zergling x2  
  17  2:20  Drone, Zergling x2  
  17  2:21  Drone x2  
  21  2:24  Queen  
  24  2:51  Drone x5  
  28  3:09  Overlord  
  27  3:29  Zergling x12  
  31  3:37  Zergling x6  
  33  3:41  Drone  
  33  3:44  Lair  
  33  3:45  Drone  
  33  3:46  Roach Warren  
  34  3:58  Drone x2  
  34  4:12  Drone x2  
  35  4:17  Queen  
  35  4:18  Drone  
  35  4:19  Overlord x2  
  34  4:30  Roach x2  
  34  4:31  Roach  
  29  4:39  Roach x2  
  29  4:43  Roach  
  22  5:24  Roach  
  22  5:40  Zergling x4  
  22  5:41  Zergling x8  
  28  5:56  Zergling x4  
Tags
 
Add a new tag
Caveats
  • Supply blocks, unpowered buildings, or Contaminate may cause inaccurate times.
  • Supply counts are checked every 10 seconds.